 Dungeon Crawl Stone Soup version 0.22-a0-322-g60b3cfd (webtiles) character file.

31 Kairos the Covered (level 3, 30/30 HPs)
             Began as a Barachi Fighter on Apr 5, 2018.
             Got out of the dungeon alive.
             The game lasted 00:00:45 (931 turns).

Kairos the Covered (Barachi Fighter)                 Turns: 931, Time: 00:00:45

Health: 30/30      AC:  7    Str: 17    XL:     3   Next: 22%
Magic:  3/3        EV:  7    Int:  8    God:
Gold:   32         SH:  9    Dex: 12    Spells: 2/2 levels left

rFire    . . .     SeeInvis .   a - +0 flail
rCold    . . .     Gourm    .   c - +0 shield
rNeg     . . .     Faith    .   b - +0 scale mail
rPois    .         Spirit   .   (no helmet)
rElec    .         Reflect  .   (no cloak)
rCorr    .         Harm     .   (no gloves)
MR       .....                  (no boots)
Stlth    ..........             (no amulet)
HPRegen  0.10/turn              (no ring)
MPRegen  0.08/turn              (no ring)

@: slow
A: +LOS, swims, slowness 1, strong legs 1
a: Hop


You escaped.
You were hungry.

You visited 1 branch of the dungeon, and saw 1 of its levels.

You collected 32 gold pieces.

Inventory:

Hand Weapons
 a - a +0 flail (weapon)
Armour
 b - a +0 scale mail (worn)
 c - a +0 shield (worn)
Scrolls
 e - a scroll of teleportation {unknown}
 g - a scroll of remove curse {unknown}
 h - 3 scrolls of identify {unknown}
 j - a scroll of fear {unknown}
Potions
 d - a potion of might
 i - a potion of lignification {unknown}
Comestibles
 f - a ration


   Skills:
 + Level 3.9 Fighting
 + Level 2.6 Maces & Flails
 + Level 4.2 Armour
 + Level 0.2 Dodging
 + Level 3.6 Shields


You had 2 spell levels left.
You didn't know any spells.

Dungeon Overview and Level Annotations

Branches:
Dungeon (1/15)

Altars:


Innate Abilities, Weirdness & Mutations

Shadows flee at your approach. (+LOS)
You can swim through water.
You cover ground slowly.
You can hop short distances.


Message History

A rat is nearby!
A rat is nearby!
You hit the rat but do no damage. The rat barely misses you.
You block the rat's attack.
You hit the rat.
You kill the rat!
You see here a rat corpse.
j - a scroll labeled AKECSYRGH QEAZ Done exploring.
Done exploring.
Done exploring.
No target in view!
No target in view!
You are feeling hungry.
You can't go up here!
There is a dry fountain here.
There is a dry fountain here.
There is a staircase leading out of the dungeon here.
Are you sure you want to leave the Dungeon?
This will make you lose the game!
You have escaped!

.................................
.#####........#.....####.####.##.
..............####### #.# #.##.
############### #.# #.##.
.......# #.# #)##. .#####.# #.#
#.##. ......)# ##### #.# #.##.
.)###..# ##..(## #.# #.##.
....#..# ##..@..## #.# #.##.
#.#.#..# ##.......## #.# #.##.
#...#..# ##..⌠...⌠..###.####.##.
##..#..# ##...........##......##.
#..#..###.⌠....⌠....⌠.######.##.
###.#..##...............## #.##.
.##..###..⌠...⌠...⌠...⌠..## #.###
.##..##...................###.#
.##..#......⌠.......⌠......##.#


There were no monsters in sight!

Vanquished Creatures
  A leopard gecko (D:1)
  2 ball pythons (D:1)
  4 bats (D:1)
  5 goblins (D:1)
  8 hobgoblins (D:1)
  A kobold (D:1)
  A frilled lizard (D:1)
  3 rats (D:1)
25 creatures vanquished.

Notes
Turn   | Place    | Note
-------+----------+-------------------------------------------
     0 | D:1      | Kairos the Barachi Fighter began the quest for the Orb.
     0 | D:1      | Reached XP level 1. HP: 18/18 MP: 1/1
    49 | D:1      | Reached XP level 2. HP: 24/25 MP: 2/2
   109 | D:1      | Reached skill level 4 in Armour
   619 | D:1      | Reached XP level 3. HP: 28/30 MP: 3/3
   931 | D:$      | Got out of the dungeon alive.

Vault maps used:
D:1:      dpeg_arrival_lava_temple_mockup, minmay_misc_feat_iff

Skill      XL: |  1  2 |
---------------+-------+-----
Armour         | 4 |  4.2
Fighting       | |  3.9
Maces & Flails | |  2.6
Dodging        | |  0.2
Shields        | |  3.6

Action                   || total
-------------------------++-------
Melee: Flail             ||    63
Armor: Scale mail        ||    31
Dodge: Dodged            ||    23
Block: Shield            ||    36

Table legend:
 A = Spawn XP
 B = Non-spawn XP
 C = Spawn XP percentage of total XP
 D = Spawn monster count
 E = Non-spawn monster count
 F = Spawn count percentage of total count
 G = Total turns spent on level
                    A         B        C        D         E        F      G
               +---------+---------+-------+---------+---------+-------+---------
         Total |       0 |      45 |   0.0 |       0 |      25 |   0.0 |   931
               +---------+---------+-------+---------+---------+-------+---------
           D:1 |       0 |      45 |   0.0 |       0 |      25 |   0.0 |   931
               +---------+---------+-------+---------+---------+-------+---------
